 Dungeon Crawl Stone Soup version 0.26.1-11-gd32895ea62 (webtiles) character file.

Game seed: 5644550134021470275

161 GenialerGandalf the Chopper (level 5, -7/47 HPs)
             Began as a Hill Orc Monk on Apr 19, 2021.
             Killed from afar by Natasha (9 damage)
             ... with a magic dart
             ... on level 2 of the Dungeon.
             The game lasted 00:10:54 (1822 turns).

GenialerGandalf the Chopper (Hill Orc Monk)         Turns: 1822, Time: 00:10:56

Health: -7/47      AC: 11    Str: 15    XL:     5   Next: 42%
Magic:  5/5        EV:  7    Int: 10    God:
Gold:   84         SH:  0    Dex: 13    Spells: 4/4 levels left

rFire    . . .     SeeInvis .   a - +0 hand axe
rCold    . . .     Faith    .   (no shield)
rNeg     . . .     Spirit   .   c - +0 chain mail
rPois    .         Reflect  .   i - +1 hat
rElec    .         Harm     .   (no cloak)
rCorr    .         Rampage  .   g - +1 pair of gloves
Will     .....                  (no boots)
Stlth    ..........             (no amulet)
HPRegen  0.15/turn              (no ring)
MPRegen  0.09/turn              (no ring)

@: no status effects
A: no striking features
a: no special abilities


You were on level 2 of the Dungeon.
You visited 1 branch of the dungeon, and saw 2 of its levels.

You collected 84 gold pieces.

Inventory:

Hand Weapons
 a - a +0 hand axe (weapon)
Armour
 b - a +0 robe
 c - a +0 chain mail (worn)
 g - a +1 pair of gloves (worn)
 i - a +1 hat (worn)
Scrolls
 f - 4 scrolls of immolation {unknown}
 h - a scroll of fear {unknown}
 j - a scroll of amnesia {unknown}
Potions
 d - 3 potions of curing
 k - 2 potions of might {unknown}


   Skills:
 * Level 4.9 Fighting
 * Level 6.2 Axes
 * Level 1.7 Armour
 - Level 2.6 Dodging
 - Level 1.5 Stealth


You had 4 spell levels left.
You didn't know any spells.
Your spell library was empty.

Dungeon Overview and Level Annotations

Branches:
Dungeon (2/15)

Altars:

Annotations:
D:2 Natasha


Message History

The puff of frost hits you.
* * * LOW HITPOINT WARNING * * *
You barely miss Natasha. You closely miss the white imp. You slash Natasha!
Natasha is heavily wounded.
You hit the white imp but do no damage. The white imp barely misses you.
Natasha barely misses you.
You barely miss Natasha.
Natasha is heavily wounded.
You hit the white imp.
The white imp hits you but does no damage.
Natasha claws you but does no damage.
You closely miss Natasha.
Natasha is heavily wounded.
Your chain mail prevents you from hitting the white imp.
The white imp gestures at you.
The puff of frost hits you but does no damage.
Natasha stares at you and mumbles some strange words.
The magic dart hits you!
You die...

... #....##
#.# #....##
#.# ##.....
.# #)#
####### ##.
#.# #......
.. #.#
###.##### .
#.#
#....#### #
#.#
#........ #
#########@#
#.....### #
........5h#
#.....#.. #
#########..#
###.#.#.# #
+..........#
#.#.#.# #
########...#
#.#.#.# ##.
#...#
#.#.#)#
##.#+# #...#
#.#.#.#
##.#.# #...#
#.#.#.#
##.#.# #...#
#.#.#.#


You could see Natasha and a white imp (summoned).

Vanquished Creatures
  Natasha (D:2)
  3 gnolls (D:2)
  6 adders (D:2)
  3 dart slugs (D:1)
  2 leopard geckos
  3 giant cockroaches
  6 goblins (D:1)
  3 hobgoblins
  2 jackals (D:1)
  2 kobolds (D:1)
  12 bats
  A frilled lizard (D:1)
  9 rats
53 creatures vanquished.

Notes
Turn   | Place    | Note
-------+----------+-------------------------------------------
     0 | D:1      | GenialerGandalf the Hill Orc Monk began the quest for the
                  | Orb.
     0 | D:1      | Reached XP level 1. HP: 19/19 MP: 1/1
    36 | D:1      | Reached XP level 2. HP: 26/27 MP: 2/2
   450 | D:1      | Reached XP level 3. HP: 31/33 MP: 3/3
  1178 | D:2      | Reached skill level 5 in Axes
  1236 | D:2      | Reached XP level 4. HP: 33/41 MP: 4/4
  1272 | D:2      | Reached skill level 1 in Armour
  1724 | D:2      | Noticed Natasha
  1742 | D:2      | Reached XP level 5. HP: 31/47 MP: 5/5
  1754 | D:2      | Reached skill level 6 in Axes
  1758 | D:2      | Killed Natasha
  1812 | D:2      | Noticed Natasha
  1818 | D:2      | HP: 1/47 [white imp/puff of frost[Natasha] (4)]
  1822 | D:2      | Killed from afar by Natasha

Illustrated notes

Levels and vault maps discovered:
D:1:      elethiomel_arrival_quiet, layout_loops_cross, grunt_decor_cap
D:2:      layout_basic, minmay_pentomino_t2, uniq_natasha, uniq_jessica

Skill      XL: |  1  2  3  4  5 |
---------------+----------------+-----
Fighting       | 4 |  4.9
Axes           | 5 6 |  6.2
Armour         | 1 |  1.7
Dodging        | |  2.6
Stealth        | |  1.5

Action                   |  1- 3 |  4- 6 || total
-------------------------+-------+-------++-------
Melee: Hand axe          |   113 |    86 ||   199
  Use: Scroll            |     3 |     1 ||     4
Armor: Robe              |     7 |       ||     7
       Chain mail        |    87 |    83 ||   170
Dodge: Dodged            |    57 |    52 ||   109
